 Dungeon Crawl Stone Soup version 0.26-a0-652-gafc20e3620 (webtiles) character file.

Game seed: 6233043958353990866

2930 oldriver the Magician (level 9, 0/51 HPs)
             Began as a Gargoyle Fire Elementalist on Oct 4, 2020.
             Was a Priest of Vehumet.
             Slain by Harold
             ... wielding a +0 vorpal halberd
              (14 damage)
             ... on level 7 of the Dungeon.
             The game lasted 00:19:02 (12840 turns).

oldriver the Magician (Gargoyle Fire Elementalist) Turns: 12840, Time: 00:19:03

Health: 0/51       AC: 12    Str: 12    XL:     9   Next: 79%
Magic:  17/20      EV: 12    Int: 19    God:    Vehumet [***...]
Gold:   272        SH:  0    Dex: 12    Spells: 3/23 levels left

rFire    . . .     SeeInvis .   u - +3 short sword (venom)
rCold    . . .     Faith    +   (no shield)
rNeg     + . .     Spirit   .   a - +0 robe
rPois    ∞         Reflect  .   (helmet restricted)
rElec    +         Harm     .   (no cloak)
rCorr    .         Rampage  .   r - +1 pair of gloves
MR       .....                  (no boots)
Stlth    ++........             d - amulet of faith
HPRegen  0.17/turn              (no ring)
MPRegen  0.17/turn              (no ring)

@: no status effects
A: antennae 1, icy blue scales 1, agile 1, negative energy resistance 1,
electricity resistance, unbreathing, petrification resistance, rot immunity, AC
+6
a: Renounce Religion


You were on level 7 of the Dungeon.
You worshipped Vehumet.
Vehumet was most pleased with you.
You visited 2 branches of the dungeon, and saw 8 of its levels.

You collected 272 gold pieces.

Inventory:

Hand Weapons
 u - a +3 short sword of venom (weapon)
Armour
 a - a +0 robe (worn)
 r - a +1 pair of gloves (worn)
Jewellery
 d - an amulet of faith (around neck)
 h - an uncursed amulet of reflection {unknown}
Wands
 b - a wand of polymorph (5)
Scrolls
 f - 2 scrolls of amnesia
 g - 3 scrolls of teleportation
 j - 3 scrolls of magic mapping
 k - a scroll of enchant armour
 n - 3 scrolls of remove curse
 o - 2 scrolls of identify
 q - a scroll of fog
Potions
 c - a potion of heal wounds
 e - 2 potions of lignification
 i - 3 potions of curing
 l - 2 potions of brilliance
 m - 2 potions of ambrosia


   Skills:
 + Level 3.2 Fighting
 + Level 1.4 Armour
 + Level 2.4 Dodging
 - Level 2.1 Stealth
 * Level 7.6 Spellcasting
 * Level 7.5 Conjurations
 + Level 7.3 Fire Magic


You had 3 spell levels left.
You knew the following spells:

 Your Spells              Type           Power        Failure   Level
a - Foxfire               Conj/Fire      ####         1%          1
b - Conjure Flame         Conj/Fire      #####...     1%          3
c - Sticky Flame          Conj/Fire      #####...     1%          4
d - Fireball              Conj/Fire      #####.....   3%          5
e - Mephitic Cloud        Conj/Pois/Air  ###.....     3%          3
f - Ignite Poison         Fire/Tmut/Pois ###.....     3%          3
g - Shock                 Conj/Air       ###.         1%          1

Your spell library contained the following spells:

 Spells                   Type           Power        Failure   Level
 Dazzling Flash           Conj/Hex       ###...       1%          3
 Inner Flame              Hex/Fire       ###.....     1%          3
 Spider Form              Tmut/Pois      #.........   28%         3
 Ice Form                 Ice/Tmut       #.......     67%         4
 Statue Form              Tmut/Erth      Unusable     N/A         6

Dungeon Overview and Level Annotations

Branches:
Dungeon (7/15)             Temple (1/1) D:4

Altars:
Ashenzari
Cheibriados
Dithmenos
Fedhas
Gozag
Hepliaklqana
Kikubaaqudgha
Makhleb
Nemelex Xobeh
Okawaru
Qazlal
Sif Muna
Trog
Vehumet
Wu Jian
Xom
Yredelemnul
Zin
The Shining One

Annotations:
D:7 Harold


Innate Abilities, Weirdness & Mutations

You are resistant to torment.
Your stone body is resilient. (AC +6)
You are immune to poison.
You resist negative energy. (rN+)
You are resistant to electric shocks. (rElec)
You can survive without breathing.
You are immune to petrification.
You are immune to rotting.
You have a pair of small antennae on your head.
You are partially covered in icy blue scales. (AC +2)
You are agile. (Dex +2)


Message History

Uppercase [Y]es or [N]o only, please.
Really walk into that cloud of flame? [Y]es or [N]o only, please.
Really walk into that cloud of flame?
Okay, then.
Press: ? - help, Dir - move target cursor
As you read the scroll of blinking, it crumbles to dust.
Casting: Conjure Flame (safe; 1% risk of failure)
Confirm with . or Enter, or press ? or * to list all spells.
The fire begins to smolder!
Harold throws a throwing net.
The throwing net hits you.
You become entangled in the net!
You tear a large gash into the net.
You smother the flame.
You struggle against the net.
You rip the net and break free!
Harold fires a harpoon shot at you. The harpoon shot hits you!
* * * LOW HITPOINT WARNING * * *
You are yanked forward by the harpoon shot.
Harold hits you from afar with a +0 vorpal halberd!
You die...

###.........#
# ##.......# #
##.....## ####
##...## #..
##'## #.# #
#.###### #.#
#######.##...#
#.#
...........#.#
#.#
######...#...#
#@# #
#.....#.####.#
##..........@#
##..##.###..#
#..##......#
#..######.##
#..# #.#
#..######.#
#.@§......#


You could see Harold.

Vanquished Creatures
  A two-headed ogre (D:6)
  Edmund (D:5)
  2 sky beasts
  An ice beast (D:6)
  A phantom (D:5)
  2 ogres
  A centaur (D:5)
  2 bullfrogs (D:6)
  A gnoll sergeant (D:6)
  4 crimson imps (D:5)
  2 centaur zombies
  A quasit (D:6)
  2 hounds
  4 orc wizards
  3 orc priests
  4 gnoll shamans (D:6)
  A jelly (D:2)
  Jessica (D:2)
  2 iguanas
  Ijyb (D:5)
  4 worker ants
  8 adders
  31 gnolls
  A shadow imp (D:5)
  A white imp (D:5)
  2 ufetubi
  3 oozes
  4 worms
  A dart slug (D:1)
  A leopard gecko (D:3)
  17 orcs
  2 ball pythons (D:2)
  3 bats
  4 giant cockroaches (D:2)
  2 gnoll zombies (D:3)
  7 goblins
  6 hobgoblins
  18 jackals (D:6)
  5 kobolds
  A quokka (D:5)
  3 frilled lizards
  A jackal skeleton (D:5)
  A leopard gecko skeleton (D:4)
  A leopard gecko zombie (D:5)
  A quokka zombie (D:5)
  8 rats
173 creatures vanquished.

Vanquished Creatures (collateral kills)
  3 foxfires (D:6)
3 creatures vanquished.

Vanquished Creatures (others)
  1170 foxfires
  10 plants
1180 creatures vanquished.

Grand Total: 1356 creatures vanquished

Notes
Turn   | Place    | Note
-------+----------+-------------------------------------------
     0 | D:1      | oldriver the Gargoyle Fire Elementalist began the quest for
                  | the Orb.
     0 | D:1      | Reached XP level 1. HP: 10/10 MP: 3/3
   346 | D:1      | Reached XP level 2. HP: 12/15 MP: 0/5
  1555 | D:2      | Reached XP level 3. HP: 19/19 MP: 0/7
  1632 | D:2      | Found a broken altar of Ashenzari.
  2477 | D:2      | Reached XP level 4. HP: 24/24 MP: 1/8
  2951 | D:2      | Noticed Jessica
  2957 | D:2      | Killed Jessica
  3019 | D:2      | Reached XP level 5. HP: 28/28 MP: 2/9
  3728 | D:2      | HP: 1/28 [adder (3)]
  3954 | D:2      | Learned a level 3 spell: Conjure Flame
  3959 | D:2      | Learned a level 4 spell: Sticky Flame
  5122 | D:3      | Reached XP level 6. HP: 33/33 MP: 5/11
  5820 | D:3      | Found a basalt altar of Yredelemnul.
  6806 | D:4      | Found a staircase to the Ecumenical Temple.
  6892 | D:5      | Entered Level 5 of the Dungeon
  6943 | Temple   | Entered the Ecumenical Temple
  7107 | Temple   | Became a worshipper of Vehumet
  7309 | D:5      | Noticed Edmund
  7657 | D:5      | Reached XP level 7. HP: 37/37 MP: 7/13
  8219 | D:5      | Noticed Ijyb
  8237 | D:5      | Gained mutation: You are weak. (Str -2) [potion of
                  | mutation]
  8237 | D:5      | Gained mutation: You have an increased reservoir of magic.
                  | (+10% MP) [potion of mutation]
  8238 | D:5      | Lost mutation: You have an increased reservoir of magic.
                  | (+10% MP) [potion of mutation]
  8238 | D:5      | Lost mutation: You are weak. (Str -2) [potion of mutation]
  8238 | D:5      | Gained mutation: You are partially covered in icy blue
                  | scales. (AC +2) [potion of mutation]
  8238 | D:5      | Gained mutation: You have a pair of small antennae on your
                  | head. [potion of mutation]
  8238 | D:5      | Gained mutation: You are agile. (Dex +2) [potion of
                  | mutation]
  8255 | D:5      | Killed Ijyb
  8271 | D:5      | Got a coiled graven amulet
  8301 | D:5      | Reached skill level 5 in Fire Magic
  8816 | D:5      | Reached skill level 1 in Fighting
  8816 | D:5      | Reached skill level 5 in Spellcasting
  8987 | D:5      | Reached skill level 5 in Conjurations
  8987 | D:5      | Reached XP level 8. HP: 13/43 MP: 7/15
  9218 | D:5      | Identified the amulet "Vooz" {rPois Regen+ Stlth+} (You
                  | found it on level 5 of the Dungeon)
  9365 | D:5      | Found a shimmering blue altar of Sif Muna.
  9381 | D:5      | Found a shimmering altar of Xom.
  9436 | D:5      | Reached * piety under Vehumet
  9436 | D:5      | Offered knowledge of Freeze by Vehumet.
  9745 | D:5      | Killed Edmund
  9990 | D:5      | Identified Icrex's Handbook of Shifting Poisoning
 10004 | D:5      | Learned a level 5 spell: Fireball
 10008 | D:5      | Learned a level 3 spell: Mephitic Cloud
 10270 | D:6      | Noticed a two-headed ogre
 10417 | D:6      | Reached XP level 9. HP: 49/49 MP: 11/18
 10638 | D:6      | Killed a two-headed ogre
 11137 | D:6      | Reached ** piety under Vehumet
 11140 | D:6      | Offered knowledge of Shock by Vehumet.
 11147 | D:6      | Learned a level 3 spell: Ignite Poison
 11151 | D:6      | Learned a level 1 spell: Shock
 11950 | D:6      | Reached skill level 1 in Armour
 11954 | D:6      | Offered knowledge of Dazzling Flash by Vehumet.
 12511 | D:6      | Reached *** piety under Vehumet
 12816 | D:7      | Noticed Harold
 12840 | D:7      | Slain by Harold

Illustrated notes

Levels and vault maps discovered:
D:1:      lemuel_arrival_cross, layout_basic, serial_bayou_pond_b
D:2:      layout_loops_corners, lemuel_round_altar, serial_bayou_crossing,
          uniq_jessica
D:3:      layout_basic, lemuel_zombie_altar_yredelemnul
D:4:      layout_loops_corners, minmay_temple_entry_fiery,
          grunt_decor_mini_mirrors, serial_bayou_ford_a
D:5:      layout_loops_corners, led_sif_pool, led_xom_imps, uniq_edmund,
          uniq_ijyb
D:6:      lemuel_castle_with_subvaults [lemuel_castle_interior_carwin_2],
          layout_loops_ring, minivault_27
D:7:      layout_loops_corners, eat_drink_and_be_merry_uskayaw,
          nicolae_overflow_hidden_temple, minmay_manual_moon, uniq_pikel,
          uniq_joseph, uniq_harold
Temple:   eino_temple_scatter_basement

Skill      XL: |  1  2  3  4  5  6  7  8  9 |
---------------+----------------------------+-----
Spellcasting   | 3 4 5 6 7 |  7.6
Conjurations   | 2 3 5 6 7 |  7.5
Fire Magic     | 4 5 6 7 |  7.3
Dodging        | 2 |  2.4
Fighting       | 1 2 3 |  3.2
Armour         | 1 |  1.4
Stealth        | |  2.1

Action                   |  1- 3 |  4- 6 |  7- 9 || total
-------------------------+-------+-------+-------++-------
Melee: Unarmed           |     5 |       |    11 ||    16
       Dagger            |    10 |     7 |       ||    17
       Short sword       |       |     1 |    70 ||    71
 Cast: Foxfire           |    82 |   258 |   394 ||   734
       Conjure Flame     |       |       |    12 ||    12
  Use: Scroll            |       |     3 |    10 ||    13
       Potion            |       |     2 |    10 ||    12
 Stab: Invisible         |       |       |     1 ||     1
Armor: Robe              |    16 |    22 |    42 ||    80
       Skin              |       |       |     1 ||     1
Dodge: Dodged            |    14 |    48 |    49 ||   111

Table legend: (Time is in decaauts)
 A = Elapsed time spent in this place.
 B = Non-inter-level travel time spent in this place.
 C = Inter-level travel time spent in this place.
 D = Time resting spent in this place.
 E = Time spent auto-exploring this place.
 F = Levels seen in this place.
 G = Mean time per level.
                   A        B        C        D        E       F      G
               +--------+--------+--------+--------+--------+-----+--------+
         Total |  12863 |  12248 |    615 |   4069 |   6358 |   8 | 1607.9 |
       Dungeon |  12685 |  12104 |    581 |   4069 |   6215 |   7 | 1812.1 |
        Temple |    177 |    144 |     33 |      0 |    143 |   1 |  177.0 |
               +--------+--------+--------+--------+--------+-----+--------+

Top non-repeatable levels by time:
     D:2: 3001 daAuts
     D:5: 2596 daAuts
     D:6: 2588 daAuts
     D:4: 1532 daAuts
     D:1: 1491 daAuts
     D:3: 1367 daAuts
  Temple: 177 daAuts
     D:7: 108 daAuts
